Kings vs Flames
Created - January 24, 2019 at 19:05
Goals
|
Kings |
0 |
3 |
3 |
0 |
0 |
6 |
Flames |
1 |
4 |
1 |
0 |
1 |
7 |
|
Shots
|
Kings |
7 |
8 |
15 |
1 |
3 |
31 |
Flames |
8 |
16 |
9 |
0 |
2 |
33 |
|
1st period
1. Flames , Patrik Berglund 14 (Brad Marchand 13, Peter Prucha 9) at 9:20
Penalties :
No Penalty
2nd period
2. Flames , Eric Staal 25 (Tom Poti 9, David Backes 39) at 8:59
3. Flames , David Backes 22 (Derek Meech 10, Eric Staal 35) at 9:15
4. Kings , Anze Kopitar 19 (Patrick Kane 31, Shea Weber 14) at 13:57
5. Kings , Maxim Lapierre 9 (Travis Hamonic 16) at 14:11
6. Kings , Jason Pominville 19 (Ryan Johansen 6, Viktor Arvidsson 11) at 15:17 (PP)
7. Flames , Eric Staal 26 (David Backes 40, Alexander Semin 15) at 17:55 (PP)
8. Flames , Eric Staal 27 (Alexander Semin 16) at 18:03
Penalties :
Peter Worrell (LAK) for Tripping (Minor) at 3:42, Shea Weber (LAK) for Hooking (Minor) at 10:46, Brad Marchand (Cal) for Elbowing (Minor) at 14:33, David Booth (LAK) for Interference (Minor) at 17:38
3rd period
9. Kings , Maxim Lapierre 10 (Travis Hamonic 17, Viktor Arvidsson 12) at 0:56
10. Kings , Travis Hamonic 3 (Viktor Arvidsson 13, Shea Weber 15) at 10:42
11. Kings , Anze Kopitar 20 (Patrick Kane 32, Brian Elliott) at 13:03 (PP)
12. Flames , Jordin Tootoo 9 (Steve Regier 8, Colin Wilson 7) at 17:53
Penalties :
Jason Pominville (LAK) for Holding (Minor) at 7:18, Erik Johnson (Cal) for Hooking (Minor) at 12:48, Alec Martinez (LAK) for Holding (Minor) at 19:50
Overtime #1
No Goal
Penalties :
No Penalty
Shootout
Kings, Patrick Kane - Stopped by Pekka Rinne
Flames, Eric Staal - Goal!
Kings, Viktor Arvidsson - Stopped by Pekka Rinne
Flames, Alexander Semin - Stopped by Brian Elliott
Kings, Anze Kopitar - Stopped by Pekka Rinne
Penalties :
No Penalty
Goalie Stats
Brian Elliott (LAK), 9 saves from 10 shots - (0.900), OTL, 15-16-4, 26:57 minutes
Pascal Leclaire (LAK), 18 saves from 23 shots - (0.783), 38:03 minutes
Pekka Rinne (Cal), 25 saves from 31 shots - (0.806), W, 10-12-2, 65:00 minutes
Players Stats for Kings
Player Name G A P +/- PIM S H SB GA TA FO MP PP MP PK MP
------------------------------------------------------------------------------------
Alec Martinez 0 0 0 -1 2 1 1 3 0 1 0/0 22:14 0:00 2:12
Anze Kopitar 2 0 2 1 0 4 3 0 1 1 3/9 20:03 0:42 2:36
David Booth 0 0 0 -3 2 3 4 1 2 1 0/2 20:29 0:17 0:00
Erik Karlsson 0 0 0 1 0 1 0 2 2 1 0/0 22:43 0:45 1:26
Greg Campbell 0 0 0 0 0 0 1 0 0 0 4/10 12:16 0:00 3:57
Jason Pominville 1 0 1 0 2 3 0 0 0 0 3/3 14:31 0:14 0:00
Johnny Gaudreau 0 0 0 0 0 4 0 0 1 1 2/2 17:52 0:42 0:47
Maxim Lapierre 2 0 2 1 0 4 0 0 0 0 5/7 14:43 0:00 1:14
Mike Brown 0 0 0 0 0 0 0 0 0 0 1/1 1:24 0:00 0:00
Patrick Kane 0 2 2 -2 0 2 3 0 1 0 1/3 22:49 0:42 2:05
Paul Martin 0 0 0 0 0 0 1 0 0 1 0/0 16:45 0:00 0:31
Peter Worrell 0 0 0 1 2 2 1 0 0 0 0/0 14:06 0:00 0:00
Ramzi Abid 0 0 0 0 0 1 0 0 0 0 0/0 11:31 0:00 3:57
Ryan Johansen 0 1 1 -3 0 1 4 1 0 0 8/21 18:58 0:17 0:00
Shea Weber 0 2 2 -1 2 0 1 5 3 1 0/0 25:40 0:45 4:05
Staffan Kronwall 0 0 0 -1 0 0 1 1 0 0 0/0 16:59 0:00 2:51
Travis Hamonic 1 2 3 1 0 1 2 5 0 0 0/0 24:38 0:14 5:21
Viktor Arvidsson 0 3 3 1 0 4 2 0 1 1 0/1 14:01 0:17 0:00
Players Stats for Flames
Player Name G A P +/- PIM S H SB GA TA FO MP PP MP PK MP
------------------------------------------------------------------------------------
Alexander Semin 0 2 2 2 0 3 2 1 0 0 1/2 23:29 3:39 0:00
Brad Marchand 0 1 1 1 2 1 3 0 0 2 1/1 16:07 0:00 0:09
Brendan Mikkelson 0 0 0 -2 0 1 0 0 0 1 0/0 13:11 0:00 0:00
Colby Robak 0 0 0 1 0 0 1 0 0 1 0/0 18:55 2:24 0:00
Colin Wilson 0 1 1 1 0 0 3 0 0 0 1/2 10:13 0:00 0:00
David Backes 1 2 3 2 0 5 2 0 4 0 0/1 24:02 3:39 0:00
David Ullstrom 0 0 0 -3 0 1 1 0 0 0 0/0 9:24 0:00 0:00
Derek Meech 0 1 1 1 0 1 2 5 2 0 0/0 25:29 2:24 0:59
Eric Staal 3 1 4 2 0 8 1 0 1 3 23/35 24:49 3:39 0:32
Erik Johnson 0 0 0 2 2 2 1 0 0 0 0/0 26:37 3:59 0:00
Jonathan Ferland 0 0 0 -3 0 1 0 2 0 2 0/0 9:57 0:00 0:23
Jordin Tootoo 1 0 1 1 0 4 0 0 1 0 0/0 14:53 2:44 0:27
Mikhail Grabovski 0 0 0 -3 0 0 1 0 0 0 1/3 10:19 0:00 0:27
Patrik Berglund 1 0 1 1 0 2 2 0 0 0 4/13 18:19 2:44 0:00
Peter Prucha 0 1 1 1 0 0 2 0 0 0 1/2 14:27 0:00 0:00
Steve Eminger 0 0 0 -2 0 0 1 1 0 0 0/0 19:27 0:00 0:59
Steve Regier 0 1 1 1 0 3 1 0 0 0 0/0 13:07 2:44 0:00
Tom Poti 0 1 1 2 0 1 1 2 0 2 0/0 26:14 3:59 0:00
3 Stars
1 - Eric Staal (Cal)
2 - David Backes (Cal)
3 - Travis Hamonic (LAK)
Power Play
Kings - 2 on 2 Attempt(s) - 100.00%
Flames - 1 on 5 Attempt(s) - 20.00%
Penalty Kill
Kings - 4 on 5 Attempt(s) - 80.00%
- Score 0 goal in Penalty Kill
Flames - 0 on 2 Attempt(s) - 0.00%
- Score 0 goal in Penalty Kill
Team Stat
Kings - Hits : 24 - Faceoff Wins : 27 - Blocked Shots : 18 - Penalty Minutes : 10
Flames - Hits : 24 - Faceoff Wins : 32 - Blocked Shots : 11 - Penalty Minutes : 4
Official
Referees : Unknown
Linesman : Unknown
Game Notes
Mike Brown is injured at 3:08 of 1st period (Bruised Left Leg)
Eric Staal has scored a Hat Trick!
Brian Elliott enters game at 18:03 of 2nd period
Finance
Level 1 -- Attendance: 6000 (100.00%) -- Ticket Income $546,000
Level 2 -- Attendance: 5000 (100.00%) -- Ticket Income $285,000
Level 3 -- Attendance: 2000 (100.00%) -- Ticket Income $74,000
Level 4 -- Attendance: 3756 (93.90%) -- Ticket Income $101,412
Luxury Box -- Attendance: 1000 (100.00%) -- Ticket Income $162,000
Game was played at the Metal Center.
Total Attendance: 17756 (98.64%)
Total Ticket Income: $1,168,412
Other Income: $175,262
Total Income: $1,343,674
Kings
5 vs 5 Forward
Center Left Wing Right Wing Time % Phy DF OF
1 Ryan Johansen David Booth Patrick Kane 35 1 1 3
2 Anze Kopitar Johnny Gaudreau Jason Pominville 30 1 2 2
3 Maxim Lapierre Peter Worrell Viktor Arvidsson 25 2 1 2
4 Greg Campbell Ramzi Abid Mike Brown 10 1 3 1
5 vs 5 Defense
Defense Defense Time % Phy DF OF
1 Travis Hamonic Erik Karlsson 40 0 3 2
2 Shea Weber Alec Martinez 40 1 3 1
3 Staffan Kronwall Paul Martin 20 0 4 1
4 Shea Weber Travis Hamonic 0 1 2 2
PowerPlay Forward
Center Left Wing Right Wing Time % Phy DF OF
1 Anze Kopitar Johnny Gaudreau Patrick Kane 60 0 1 4
2 Ryan Johansen David Booth Viktor Arvidsson 40 0 1 4
PowerPlay Defense
Defense Defense Time % Phy DF OF
1 Shea Weber Erik Karlsson 60 0 2 3
2 Jason Pominville Travis Hamonic 40 0 2 3
Penalty Kill 4 Players Forward
Center Wing Time % Phy DF OF
1 Greg Campbell Ramzi Abid 60 1 3 1
2 Anze Kopitar Patrick Kane 40 1 3 1
Penalty Kill 4 Players Defense
Defense Defense Time % Phy DF OF
1 Shea Weber Travis Hamonic 60 0 5 0
2 Staffan Kronwall Alec Martinez 40 0 5 0
Penalty Kill - 3 Players Forward
Forward Time % Phy DF OF
1 Anze Kopitar 60 1 4 0
2 Patrick Kane 40 1 4 0
Penalty Kill - 3 Players Defense
Defense Defense Time % Phy DF OF
1 Shea Weber Travis Hamonic 60 0 5 0
2 Staffan Kronwall Alec Martinez 40 0 5 0
4 vs 4 Forward
Center Wing Time % Phy DF OF
1 Anze Kopitar Patrick Kane 60 1 2 2
2 Johnny Gaudreau David Booth 40 1 2 2
4 vs 4 Defense
Defense Defense Time % Phy DF OF
1 Paul Martin Travis Hamonic 60 1 2 2
2 Erik Karlsson Shea Weber 40 1 2 2
Last Minutes Offensive
Center Left Wing Right Wing Defense Defense
Anze Kopitar David Booth Patrick Kane Shea Weber Erik Karlsson
Last Minutes Defensive
Center Left Wing Right Wing Defense Defense
Anze Kopitar Ramzi Abid Patrick Kane Shea Weber Travis Hamonic
Goaltenders
Starting : Pascal Leclaire
Backup : Brian Elliott
Extra Forwards
Normal : David Booth, Ryan Johansen, Johnny Gaudreau - PP : Maxim Lapierre, Mike Brown - PK : Maxim Lapierre
Extra Defensemen
Normal : Shea Weber, Travis Hamonic, Staffan Kronwall - PP : Paul Martin - PK : Erik Karlsson, Paul Martin
Penalty Shots
Patrick Kane, Viktor Arvidsson, Anze Kopitar, Ryan Johansen, David Booth
Scratches
None
Flames
5 vs 5 Forward
Center Left Wing Right Wing Time % Phy DF OF
1 Eric Staal Alexander Semin David Backes 40 1 2 2
2 Patrik Berglund Brad Marchand Peter Prucha 33 1 2 2
3 Colin Wilson Steve Regier Jordin Tootoo 19 1 2 2
4 Mikhail Grabovski David Ullstrom Jonathan Ferland 8 1 2 2
5 vs 5 Defense
Defense Defense Time % Phy DF OF
1 Erik Johnson Tom Poti 38 1 3 1
2 Derek Meech Colby Robak 29 1 3 1
3 Brendan Mikkelson Steve Eminger 23 1 3 1
4 Derek Meech Steve Eminger 10 1 3 1
PowerPlay Forward
Center Left Wing Right Wing Time % Phy DF OF
1 Eric Staal Alexander Semin David Backes 60 1 0 4
2 Patrik Berglund Steve Regier Jordin Tootoo 40 1 0 4
PowerPlay Defense
Defense Defense Time % Phy DF OF
1 Erik Johnson Tom Poti 60 1 1 3
2 Derek Meech Colby Robak 40 1 1 3
Penalty Kill 4 Players Forward
Center Wing Time % Phy DF OF
1 Mikhail Grabovski Jordin Tootoo 50 1 4 0
2 Eric Staal Brad Marchand 50 1 4 0
Penalty Kill 4 Players Defense
Defense Defense Time % Phy DF OF
1 Derek Meech Steve Eminger 58 1 4 0
2 Brendan Mikkelson Tom Poti 42 1 4 0
Penalty Kill - 3 Players Forward
Forward Time % Phy DF OF
1 Eric Staal 50 1 4 0
2 David Backes 50 1 4 0
Penalty Kill - 3 Players Defense
Defense Defense Time % Phy DF OF
1 Derek Meech Steve Eminger 58 1 4 0
2 Brendan Mikkelson Tom Poti 42 1 4 0
4 vs 4 Forward
Center Wing Time % Phy DF OF
1 Eric Staal David Backes 60 1 2 2
2 Patrik Berglund Alexander Semin 40 1 2 2
4 vs 4 Defense
Defense Defense Time % Phy DF OF
1 Erik Johnson Tom Poti 60 1 2 2
2 Derek Meech Steve Eminger 40 1 2 2
Last Minutes Offensive
Center Left Wing Right Wing Defense Defense
Eric Staal Alexander Semin David Backes Erik Johnson Tom Poti
Last Minutes Defensive
Center Left Wing Right Wing Defense Defense
Eric Staal Alexander Semin David Backes Derek Meech Steve Eminger
Goaltenders
Starting : Pekka Rinne
Backup : Jonas Gustavsson
Extra Forwards
Normal : Brad Marchand, Jordin Tootoo, Patrik Berglund - PP : Jordin Tootoo, Brad Marchand - PK : Jonathan Ferland
Extra Defensemen
Normal : Derek Meech, Steve Eminger, Brendan Mikkelson - PP : Derek Meech - PK : Erik Johnson, Brendan Mikkelson
Penalty Shots
Eric Staal, Alexander Semin, David Backes, Steve Regier, Patrik Berglund
Scratches
Sami Vatanen (Head Injury)
% Time on Ice - Kings
Lines # - Real PCT - Wanted PCT - Time Play
Normal Forward
1 - 32% - 35% - 16:45
2 - 26% - 30% - 13:48
3 - 24% - 25% - 12:35
4 - 18% - 10% - 9:30
Normal Defense
1 - 38% - 40% - 19:53
2 - 37% - 40% - 19:38
3 - 24% - 20% - 12:33
4 - 1% - 0% - 0:34
PP Forward
1 - 71% - 60% - 0:42
2 - 29% - 40% - 0:17
PP Defense
1 - 76% - 60% - 0:45
2 - 24% - 40% - 0:14
PK Forward
1 - 74% - 60% - 4:44
2 - 26% - 40% - 1:39
PK Defense
1 - 66% - 60% - 4:11
2 - 34% - 40% - 2:12
PK3 Forward
1 - 76% - 60% - 1:24
2 - 24% - 40% - 0:26
PK3 Defense
1 - 65% - 60% - 1:11
2 - 35% - 40% - 0:39
44 Forward
1 - 100% - 60% - 3:10
2 - 0% - 40% - 0:00
44 Defense
1 - 73% - 60% - 2:18
2 - 27% - 40% - 0:52
Last Minute Offensive - 0:00
Last Minute Defensive - 0:00
Total
Forward - 65:00
Defense - 65:00
|
% Time on Ice - Flames
Lines # - Real PCT - Wanted PCT - Time Play
Normal Forward
1 - 35% - 40% - 18:37
2 - 28% - 33% - 14:37
3 - 19% - 19% - 10:13
4 - 17% - 8% - 9:11
Normal Defense
1 - 38% - 38% - 20:05
2 - 31% - 29% - 16:28
3 - 23% - 23% - 12:17
4 - 7% - 10% - 3:48
PP Forward
1 - 57% - 60% - 3:39
2 - 43% - 40% - 2:44
PP Defense
1 - 62% - 60% - 3:59
2 - 38% - 40% - 2:24
PK Forward
1 - 46% - 50% - 0:27
2 - 54% - 50% - 0:32
PK Defense
1 - 100% - 58% - 0:59
2 - 0% - 42% - 0:00
PK3 Forward
1 - 0% - 50%
2 - 0% - 50%
PK3 Defense
1 - 0% - 58%
2 - 0% - 42%
44 Forward
1 - 81% - 60% - 4:03
2 - 19% - 40% - 0:57
44 Defense
1 - 52% - 60% - 2:37
2 - 48% - 40% - 2:23
Last Minute Offensive - 0:00
Last Minute Defensive - 0:00
Total
Forward - 65:00
Defense - 65:00
|
Play-by-Play
1st period
0:01 of 1st period - Ryan Johansen wins face-off versus Eric Staal in neutral zone.
0:04 of 1st period - Erik Johnson is hit by David Booth and loses puck.
0:11 of 1st period - Wrist shot by David Booth.
0:11 of 1st period - Stopped by Pekka Rinne without a rebound.
0:12 of 1st period - Jason Pominville wins face-off versus Patrik Berglund in Flames zone.
0:23 of 1st period - Snap shot by Anze Kopitar.
0:23 of 1st period - Stopped by Pekka Rinne with a rebound.
0:25 of 1st period - Snap shot by Anze Kopitar.
0:25 of 1st period - Stopped by Pekka Rinne without a rebound.
0:26 of 1st period - Colin Wilson wins face-off versus Maxim Lapierre in Flames zone.
0:41 of 1st period - Wrist shot by Maxim Lapierre.
0:41 of 1st period - Deflect By Peter Worrell.
0:41 of 1st period - Shot Misses the Net.
0:41 of 1st period - Puck is out of play.
0:42 of 1st period - Alexander Semin wins face-off versus Greg Campbell in Flames zone.
0:47 of 1st period - Wrist shot by Alexander Semin.
0:47 of 1st period - Shot Blocked by Travis Hamonic.
1:09 of 1st period - Travis Hamonic is hit by Peter Prucha and loses puck.
1:58 of 1st period - Snap shot by Viktor Arvidsson.
1:58 of 1st period - Stopped by Pekka Rinne with a rebound.
2:17 of 1st period - Icing by Alec Martinez.
2:18 of 1st period - Mike Brown wins face-off versus Patrik Berglund in Kings zone.
2:27 of 1st period - Snap shot by Ramzi Abid.
2:27 of 1st period - Stopped by Pekka Rinne with a rebound.
3:01 of 1st period - Wrist shot by Mike Brown.
3:01 of 1st period - Shot Blocked by Derek Meech.
3:07 of 1st period - Mike Brown is hit by Alexander Semin and loses puck.
3:08 of 1st period - Mike Brown from Kings is injured at 3:08 of 1st period (Bruised Left Leg).
3:09 of 1st period - Ryan Johansen wins face-off versus Eric Staal in Kings zone.
3:09 of 1st period - Ryan Johansen is hit by Alexander Semin.
3:35 of 1st period - Jason Pominville is hit by Steve Eminger and loses puck.
4:02 of 1st period - Snap shot by Steve Regier.
4:02 of 1st period - Stopped by Pascal Leclaire with a rebound.
4:04 of 1st period - Wrist shot by Jordin Tootoo.
4:04 of 1st period - Stopped by Pascal Leclaire with a rebound.
4:06 of 1st period - Slapshot by Erik Johnson.
4:06 of 1st period - Stopped by Pascal Leclaire with a rebound.
4:22 of 1st period - Snap shot by Patrick Kane.
4:22 of 1st period - Shot Misses the Net.
4:26 of 1st period - Snap shot by Patrick Kane.
4:26 of 1st period - Shot Misses the Net.
4:42 of 1st period - Slapshot by Alexander Semin.
4:42 of 1st period - Shot Misses the Net.
5:52 of 1st period - Snap shot by Jason Pominville.
5:52 of 1st period - Stopped by Pekka Rinne with a rebound.
6:25 of 1st period - Off-side.
6:26 of 1st period - Maxim Lapierre wins face-off versus Patrik Berglund in neutral zone.
7:47 of 1st period - Wrist shot by David Backes.
7:47 of 1st period - Shot Blocked by Shea Weber.
7:51 of 1st period - Wrist shot by Eric Staal.
7:51 of 1st period - Shot Hit the Post.
8:01 of 1st period - Ramzi Abid is hit by Colin Wilson and loses puck.
8:31 of 1st period - Icing by Erik Johnson.
8:32 of 1st period - Maxim Lapierre wins face-off versus Patrik Berglund in Flames zone.
9:01 of 1st period - Travis Hamonic is hit by Brad Marchand and loses puck.
9:20 of 1st period - Slapshot by Patrik Berglund.
9:20 of 1st period - Goal by Patrik Berglund - Kings : 0 - Flames : 1.
9:21 of 1st period - Eric Staal wins face-off versus Ryan Johansen in neutral zone.
9:33 of 1st period - Snap shot by David Backes.
9:33 of 1st period - Shot Misses the Net.
9:37 of 1st period - Slapshot by Eric Staal.
9:37 of 1st period - Stopped by Pascal Leclaire without a rebound.
9:38 of 1st period - Patrik Berglund wins face-off versus Anze Kopitar in Kings zone.
9:41 of 1st period - Snap shot by Brad Marchand.
9:41 of 1st period - Shot Misses the Net.
10:03 of 1st period - Jason Pominville is hit by Derek Meech and loses puck.
10:13 of 1st period - Off-side.
10:14 of 1st period - Eric Staal wins face-off versus Ryan Johansen in neutral zone.
10:19 of 1st period - Slapshot by Erik Johnson.
10:19 of 1st period - Stopped by Pascal Leclaire without a rebound.
10:20 of 1st period - Eric Staal wins face-off versus Ryan Johansen in Kings zone.
10:21 of 1st period - Snap shot by David Backes.
10:21 of 1st period - Stopped by Pascal Leclaire without a rebound.
10:22 of 1st period - Ryan Johansen wins face-off versus Eric Staal in Kings zone.
12:39 of 1st period - Icing by Patrick Kane.
12:40 of 1st period - Ryan Johansen wins face-off versus Peter Prucha in Kings zone.
12:40 of 1st period - Ryan Johansen is hit by Brad Marchand.
12:48 of 1st period - Wrist shot by Patrick Kane.
12:48 of 1st period - Shot Blocked by Derek Meech.
13:30 of 1st period - Mikhail Grabovski is hit by Alec Martinez and loses puck.
13:45 of 1st period - Steve Eminger is hit by Peter Worrell and loses puck.
14:47 of 1st period - Backhand shot by Johnny Gaudreau.
14:47 of 1st period - Stopped by Pekka Rinne with a rebound.
15:19 of 1st period - Ramzi Abid is hit by Colin Wilson and loses puck.
16:02 of 1st period - Steve Eminger is hit by Greg Campbell and loses puck.
17:37 of 1st period - David Backes is hit by Anze Kopitar and loses puck.
17:50 of 1st period - Peter Worrell is hit by Brad Marchand.
18:23 of 1st period - Slapshot by Steve Regier.
18:23 of 1st period - Stopped by Pascal Leclaire without a rebound.
18:24 of 1st period - Eric Staal wins face-off versus Anze Kopitar in Kings zone.
19:07 of 1st period - Travis Hamonic is hit by David Backes and loses puck.
19:24 of 1st period - David Booth is hit by Tom Poti and loses puck.
19:35 of 1st period - Slapshot by Steve Regier.
19:35 of 1st period - Shot Blocked by Travis Hamonic.
Goals for this period are 0 for Kings vs 1 for Flames.
Shots for this period are 7 for Kings vs 8 for Flames.
2nd period
0:01 of 2nd period - Eric Staal wins face-off versus Anze Kopitar in neutral zone.
0:07 of 2nd period - Icing by Shea Weber.
0:08 of 2nd period - Jason Pominville wins face-off versus Eric Staal in Kings zone.
0:15 of 2nd period - Snap shot by Shea Weber.
0:15 of 2nd period - Shot Blocked by Steve Eminger.
1:00 of 2nd period - Shea Weber is hit by David Backes and loses puck.
1:35 of 2nd period - Snap shot by Derek Meech.
1:35 of 2nd period - Shot Blocked by Shea Weber.
1:37 of 2nd period - Wrist shot by Eric Staal.
1:37 of 2nd period - Stopped by Pascal Leclaire without a rebound.
1:38 of 2nd period - Patrik Berglund wins face-off versus Ryan Johansen in Kings zone.
1:49 of 2nd period - Slapshot by Travis Hamonic.
1:49 of 2nd period - Shot Misses the Net.
2:03 of 2nd period - Steve Regier is hit by Viktor Arvidsson and loses puck.
2:30 of 2nd period - Greg Campbell is hit by Colby Robak and loses puck.
3:26 of 2nd period - Ryan Johansen is hit by Steve Regier and loses puck.
3:42 of 2nd period - Minor Penalty to Peter Worrell for Tripping.
3:43 of 2nd period - Eric Staal wins face-off versus Greg Campbell in Kings zone.
4:16 of 2nd period - Off-side.
4:17 of 2nd period - Patrik Berglund wins face-off versus Greg Campbell in neutral zone.
4:22 of 2nd period - Slapshot by Erik Johnson.
4:22 of 2nd period - Deflect By Patrik Berglund.
4:22 of 2nd period - Shot Misses the Net.
4:22 of 2nd period - Puck is out of play.
4:23 of 2nd period - Eric Staal wins face-off versus Greg Campbell in Kings zone.
4:28 of 2nd period - Snap shot by David Backes.
4:28 of 2nd period - Stopped by Pascal Leclaire without a rebound.
4:29 of 2nd period - Greg Campbell wins face-off versus Eric Staal in Kings zone.
4:38 of 2nd period - Alexander Semin is hit by Travis Hamonic.
5:06 of 2nd period - Snap shot by Jordin Tootoo.
5:06 of 2nd period - Stopped by Pascal Leclaire with a rebound.
5:42 of 2nd period - Penalty to Peter Worrell is over, Peter Worrell is back on ice.
5:45 of 2nd period - Peter Worrell is hit by Patrik Berglund and loses puck.
6:05 of 2nd period - Alec Martinez is hit by Mikhail Grabovski and loses puck.
6:26 of 2nd period - Wrist shot by Alexander Semin.
6:26 of 2nd period - Deflect By Jason Pominville.
6:26 of 2nd period - Stopped by Pascal Leclaire with a rebound.
7:20 of 2nd period - Wrist shot by David Ullstrom.
7:20 of 2nd period - Shot Misses the Net.
7:52 of 2nd period - Snap shot by Maxim Lapierre.
7:52 of 2nd period - Shot Misses the Net.
8:02 of 2nd period - Colin Wilson is hit by Staffan Kronwall.
8:37 of 2nd period - Erik Johnson is hit by Patrick Kane and loses puck.
8:59 of 2nd period - Wrist shot by Tom Poti.
8:59 of 2nd period - Deflect By Eric Staal.
8:59 of 2nd period - Goal by Eric Staal - Kings : 0 - Flames : 2.
9:00 of 2nd period - Eric Staal wins face-off versus Ryan Johansen in neutral zone.
9:05 of 2nd period - Slapshot by Derek Meech.
9:05 of 2nd period - Shot Blocked by David Booth.
9:07 of 2nd period - Snap shot by Eric Staal.
9:07 of 2nd period - Shot Blocked by Travis Hamonic.
9:09 of 2nd period - Wrist shot by David Backes.
9:09 of 2nd period - Shot Misses the Net.
9:11 of 2nd period - Wrist shot by Eric Staal.
9:11 of 2nd period - Stopped by Pascal Leclaire with a rebound.
9:13 of 2nd period - Wrist shot by Eric Staal.
9:13 of 2nd period - Shot Blocked by Erik Karlsson.
9:15 of 2nd period - Backhand shot by Derek Meech.
9:15 of 2nd period - Deflect By David Backes.
9:15 of 2nd period - Goal by David Backes - Kings : 0 - Flames : 3.
9:16 of 2nd period - Eric Staal wins face-off versus Ryan Johansen in neutral zone.
9:25 of 2nd period - Slapshot by Eric Staal.
9:25 of 2nd period - Deflect By Ryan Johansen.
9:25 of 2nd period - Shot Misses the Net.
9:25 of 2nd period - Puck is out of play.
9:26 of 2nd period - Ryan Johansen wins face-off versus Eric Staal in Kings zone.
9:51 of 2nd period - Wrist shot by Eric Staal.
9:51 of 2nd period - Shot Misses the Net.
9:57 of 2nd period - Slapshot by Alexander Semin.
9:57 of 2nd period - Stopped by Pascal Leclaire with a rebound.
9:59 of 2nd period - Snap shot by David Backes.
9:59 of 2nd period - Shot Misses the Net.
10:01 of 2nd period - Snap shot by Derek Meech.
10:01 of 2nd period - Stopped by Pascal Leclaire with a rebound.
10:03 of 2nd period - Slapshot by Alexander Semin.
10:03 of 2nd period - Deflect By Eric Staal.
10:03 of 2nd period - Shot Blocked by Ryan Johansen.
10:03 of 2nd period - Puck is out of play.
10:04 of 2nd period - Patrik Berglund wins face-off versus Anze Kopitar in Kings zone.
10:07 of 2nd period - Snap shot by Brad Marchand.
10:07 of 2nd period - Stopped by Pascal Leclaire without a rebound.
10:08 of 2nd period - Anze Kopitar wins face-off versus Patrik Berglund in Kings zone.
10:15 of 2nd period - Wrist shot by Shea Weber.
10:15 of 2nd period - Shot Blocked by Tom Poti.
10:25 of 2nd period - Wrist shot by Jason Pominville.
10:25 of 2nd period - Stopped by Pekka Rinne with a rebound.
10:46 of 2nd period - Minor Penalty to Shea Weber for Hooking.
10:47 of 2nd period - Greg Campbell wins face-off versus Eric Staal in Kings zone.
11:19 of 2nd period - Snap shot by Jordin Tootoo.
11:19 of 2nd period - Stopped by Pascal Leclaire with a rebound.
12:46 of 2nd period - Penalty to Shea Weber is over, Shea Weber is back on ice.
13:02 of 2nd period - Snap shot by Jonathan Ferland.
13:02 of 2nd period - Stopped by Pascal Leclaire with a rebound.
13:30 of 2nd period - Snap shot by David Ullstrom.
13:30 of 2nd period - Stopped by Pascal Leclaire with a rebound.
13:50 of 2nd period - Jonathan Ferland is hit by Anze Kopitar and loses puck.
13:57 of 2nd period - Snap shot by Anze Kopitar.
13:57 of 2nd period - Goal by Anze Kopitar - Kings : 1 - Flames : 3.
13:58 of 2nd period - Maxim Lapierre wins face-off versus Eric Staal in neutral zone.
14:09 of 2nd period - Slapshot by Maxim Lapierre.
14:09 of 2nd period - Stopped by Pekka Rinne with a rebound.
14:11 of 2nd period - Snap shot by Maxim Lapierre.
14:11 of 2nd period - Goal by Maxim Lapierre - Kings : 2 - Flames : 3.
14:12 of 2nd period - Maxim Lapierre wins face-off versus Patrik Berglund in neutral zone.
14:33 of 2nd period - Minor Penalty to Brad Marchand for Elbowing.
14:34 of 2nd period - Johnny Gaudreau wins face-off versus Mikhail Grabovski in Flames zone.
14:39 of 2nd period - Snap shot by Patrick Kane.
14:39 of 2nd period - Stopped by Pekka Rinne with a rebound.
14:41 of 2nd period - Slapshot by Erik Karlsson.
14:41 of 2nd period - Shot Blocked by Derek Meech.
14:43 of 2nd period - Wrist shot by Johnny Gaudreau.
14:43 of 2nd period - Stopped by Pekka Rinne with a rebound.
15:11 of 2nd period - Wrist shot by Ryan Johansen.
15:11 of 2nd period - Shot Blocked by Derek Meech.
15:13 of 2nd period - Slapshot by Ryan Johansen.
15:13 of 2nd period - Stopped by Pekka Rinne with a rebound.
15:15 of 2nd period - Wrist shot by Ryan Johansen.
15:15 of 2nd period - Shot Blocked by Jonathan Ferland.
15:17 of 2nd period - Slapshot by Jason Pominville.
15:17 of 2nd period - Goal by Jason Pominville - Kings : 3 - Flames : 3.
15:18 of 2nd period - Eric Staal wins face-off versus Ryan Johansen in neutral zone.
17:04 of 2nd period - Alec Martinez is hit by Derek Meech and loses puck.
17:38 of 2nd period - Minor Penalty to David Booth for Interference.
17:39 of 2nd period - Greg Campbell wins face-off versus Eric Staal in Kings zone.
17:55 of 2nd period - Snap shot by Eric Staal.
17:55 of 2nd period - Goal by Eric Staal - Kings : 3 - Flames : 4.
17:56 of 2nd period - Eric Staal wins face-off versus Patrick Kane in neutral zone.
18:03 of 2nd period - Snap shot by Eric Staal.
18:03 of 2nd period - Goal by Eric Staal - Kings : 3 - Flames : 5.
18:03 of 2nd period - Brian Elliott enters game.
18:04 of 2nd period - Ryan Johansen wins face-off versus David Backes in neutral zone.
18:20 of 2nd period - Erik Johnson is hit by Ryan Johansen and loses puck.
18:41 of 2nd period - Wrist shot by Jordin Tootoo.
18:41 of 2nd period - Shot Misses the Net.
18:43 of 2nd period - Slapshot by Steve Regier.
18:43 of 2nd period - Stopped by Brian Elliott without a rebound.
18:44 of 2nd period - Anze Kopitar wins face-off versus Patrik Berglund in Kings zone.
19:11 of 2nd period - Patrik Berglund is hit by David Booth and loses puck.
19:28 of 2nd period - Snap shot by Brad Marchand.
19:28 of 2nd period - Shot Blocked by Staffan Kronwall.
19:48 of 2nd period - Wrist shot by Patrik Berglund.
19:48 of 2nd period - Shot Misses the Net.
Goals for this period are 3 for Kings vs 4 for Flames.
Shots for this period are 8 for Kings vs 16 for Flames.
3rd period
0:01 of 3rd period - Eric Staal wins face-off versus Ryan Johansen in neutral zone.
0:16 of 3rd period - Snap shot by Eric Staal.
0:16 of 3rd period - Stopped by Brian Elliott with a rebound.
0:26 of 3rd period - Anze Kopitar is hit by Peter Prucha and loses puck.
0:54 of 3rd period - Slapshot by Viktor Arvidsson.
0:54 of 3rd period - Stopped by Pekka Rinne with a rebound.
0:56 of 3rd period - Slapshot by Travis Hamonic.
0:56 of 3rd period - Deflect By Maxim Lapierre.
0:56 of 3rd period - Goal by Maxim Lapierre - Kings : 4 - Flames : 5.
0:57 of 3rd period - Eric Staal wins face-off versus Ryan Johansen in neutral zone.
1:24 of 3rd period - Johnny Gaudreau is hit by Erik Johnson and loses puck.
1:31 of 3rd period - Snap shot by Erik Karlsson.
1:31 of 3rd period - Stopped by Pekka Rinne with a rebound.
1:51 of 3rd period - Jordin Tootoo is hit by Shea Weber.
2:19 of 3rd period - Snap shot by Maxim Lapierre.
2:19 of 3rd period - Shot Misses the Net.
2:31 of 3rd period - Backhand shot by Eric Staal.
2:31 of 3rd period - Shot Blocked by Travis Hamonic.
2:41 of 3rd period - Eric Staal is hit by Anze Kopitar and loses puck.
2:56 of 3rd period - Wrist shot by Patrik Berglund.
2:56 of 3rd period - Stopped by Brian Elliott with a rebound.
3:43 of 3rd period - Wrist shot by Jonathan Ferland.
3:43 of 3rd period - Shot Misses the Net.
3:53 of 3rd period - Snap shot by Eric Staal.
3:53 of 3rd period - Shot Blocked by Travis Hamonic.
3:57 of 3rd period - Snap shot by Alexander Semin.
3:57 of 3rd period - Shot Misses the Net.
4:17 of 3rd period - Wrist shot by Peter Prucha.
4:17 of 3rd period - Deflect By Patrik Berglund.
4:17 of 3rd period - Shot Blocked by Erik Karlsson.
4:17 of 3rd period - Puck is out of play.
4:18 of 3rd period - Johnny Gaudreau wins face-off versus Patrik Berglund in Kings zone.
4:47 of 3rd period - Wrist shot by Johnny Gaudreau.
4:47 of 3rd period - Stopped by Pekka Rinne with a rebound.
4:49 of 3rd period - Slapshot by Jason Pominville.
4:49 of 3rd period - Shot Misses the Net.
5:11 of 3rd period - Snap shot by Jason Pominville.
5:11 of 3rd period - Shot Misses the Net.
5:13 of 3rd period - Slapshot by Johnny Gaudreau.
5:13 of 3rd period - Stopped by Pekka Rinne without a rebound.
5:14 of 3rd period - Eric Staal wins face-off versus Maxim Lapierre in Flames zone.
5:41 of 3rd period - Paul Martin is hit by David Ullstrom and loses puck.
5:48 of 3rd period - Snap shot by Jonathan Ferland.
5:48 of 3rd period - Shot Blocked by Shea Weber.
5:58 of 3rd period - Slapshot by Viktor Arvidsson.
5:58 of 3rd period - Shot Blocked by Tom Poti.
6:00 of 3rd period - Wrist shot by Peter Worrell.
6:00 of 3rd period - Stopped by Pekka Rinne with a rebound.
6:04 of 3rd period - Snap shot by Viktor Arvidsson.
6:04 of 3rd period - Shot Blocked by Jonathan Ferland.
6:12 of 3rd period - Wrist shot by Maxim Lapierre.
6:12 of 3rd period - Deflect By Peter Worrell.
6:12 of 3rd period - Stopped by Pekka Rinne without a rebound.
6:13 of 3rd period - Eric Staal wins face-off versus David Booth in Flames zone.
6:46 of 3rd period - Snap shot by Ryan Johansen.
6:46 of 3rd period - Shot Misses the Net.
6:48 of 3rd period - Wrist shot by David Booth.
6:48 of 3rd period - Stopped by Pekka Rinne with a rebound.
6:50 of 3rd period - Snap shot by David Booth.
6:50 of 3rd period - Stopped by Pekka Rinne with a rebound.
6:54 of 3rd period - Snap shot by Patrick Kane.
6:54 of 3rd period - Deflect By Jordin Tootoo.
6:54 of 3rd period - Shot Blocked by Derek Meech.
6:54 of 3rd period - Puck is out of play.
6:55 of 3rd period - Jason Pominville wins face-off versus Eric Staal in Flames zone.
7:10 of 3rd period - Snap shot by David Backes.
7:10 of 3rd period - Shot Blocked by Alec Martinez.
7:12 of 3rd period - Slapshot by Brendan Mikkelson.
7:12 of 3rd period - Shot Misses the Net.
7:18 of 3rd period - Minor Penalty to Jason Pominville for Holding.
7:19 of 3rd period - Eric Staal wins face-off versus Greg Campbell in Kings zone.
7:26 of 3rd period - Snap shot by Eric Staal.
7:26 of 3rd period - Shot Misses the Net.
8:04 of 3rd period - Wrist shot by Patrick Kane.
8:04 of 3rd period - Shot Misses the Net.
9:18 of 3rd period - Penalty to Jason Pominville is over, Jason Pominville is back on ice.
9:38 of 3rd period - Icing by David Ullstrom.
9:39 of 3rd period - Patrick Kane wins face-off versus Eric Staal in Flames zone.
9:40 of 3rd period - Slapshot by David Booth.
9:40 of 3rd period - Deflect By Ryan Johansen.
9:40 of 3rd period - Shot Misses the Net.
9:40 of 3rd period - Puck is out of play.
9:41 of 3rd period - Peter Prucha wins face-off versus Ryan Johansen in Flames zone.
9:41 of 3rd period - Peter Prucha is hit by Paul Martin.
9:50 of 3rd period - Wrist shot by Brad Marchand.
9:50 of 3rd period - Shot Misses the Net.
10:03 of 3rd period - Off-side.
10:04 of 3rd period - Mikhail Grabovski wins face-off versus Anze Kopitar in neutral zone.
10:21 of 3rd period - Wrist shot by Johnny Gaudreau.
10:21 of 3rd period - Shot Misses the Net.
10:31 of 3rd period - Colby Robak is hit by Viktor Arvidsson and loses puck.
10:38 of 3rd period - Slapshot by Viktor Arvidsson.
10:38 of 3rd period - Stopped by Pekka Rinne with a rebound.
10:40 of 3rd period - Wrist shot by Viktor Arvidsson.
10:40 of 3rd period - Stopped by Pekka Rinne with a rebound.
10:42 of 3rd period - Slapshot by Travis Hamonic.
10:42 of 3rd period - Goal by Travis Hamonic - Kings : 5 - Flames : 5.
10:43 of 3rd period - Eric Staal wins face-off versus David Booth in neutral zone.
10:43 of 3rd period - Eric Staal is hit by David Booth.
11:01 of 3rd period - Eric Staal is hit by Ryan Johansen and loses puck.
11:38 of 3rd period - Snap shot by Maxim Lapierre.
11:38 of 3rd period - Deflect By Colin Wilson.
11:38 of 3rd period - Shot Misses the Net.
11:38 of 3rd period - Puck is out of play.
11:39 of 3rd period - Eric Staal wins face-off versus Viktor Arvidsson in Flames zone.
12:08 of 3rd period - Slapshot by Patrick Kane.
12:08 of 3rd period - Stopped by Pekka Rinne without a rebound.
12:09 of 3rd period - Eric Staal wins face-off versus Ryan Johansen in Flames zone.
12:24 of 3rd period - Snap shot by David Booth.
12:24 of 3rd period - Shot Misses the Net.
12:48 of 3rd period - Minor Penalty to Erik Johnson for Hooking.
12:49 of 3rd period - Anze Kopitar wins face-off versus Mikhail Grabovski in Flames zone.
13:03 of 3rd period - Snap shot by Anze Kopitar.
13:03 of 3rd period - Goal by Anze Kopitar - Kings : 6 - Flames : 5.
13:04 of 3rd period - Eric Staal wins face-off versus Ryan Johansen in neutral zone.
14:17 of 3rd period - Slapshot by Jonathan Ferland.
14:17 of 3rd period - Shot Misses the Net.
14:19 of 3rd period - Slapshot by Brendan Mikkelson.
14:19 of 3rd period - Stopped by Brian Elliott without a rebound.
14:20 of 3rd period - Eric Staal wins face-off versus Ryan Johansen in Kings zone.
14:35 of 3rd period - Slapshot by Patrick Kane.
14:35 of 3rd period - Shot Misses the Net.
14:37 of 3rd period - Slapshot by Alec Martinez.
14:37 of 3rd period - Stopped by Pekka Rinne with a rebound.
15:02 of 3rd period - Snap shot by David Backes.
15:02 of 3rd period - Shot Blocked by Alec Martinez.
15:04 of 3rd period - Wrist shot by David Backes.
15:04 of 3rd period - Stopped by Brian Elliott with a rebound.
15:06 of 3rd period - Snap shot by Eric Staal.
15:06 of 3rd period - Shot Hit the Post.
15:08 of 3rd period - Backhand shot by Derek Meech.
15:08 of 3rd period - Shot Blocked by Alec Martinez.
15:26 of 3rd period - Wrist shot by David Backes.
15:26 of 3rd period - Stopped by Brian Elliott with a rebound.
15:28 of 3rd period - Slapshot by Tom Poti.
15:28 of 3rd period - Stopped by Brian Elliott with a rebound.
15:55 of 3rd period - Snap shot by Maxim Lapierre.
15:55 of 3rd period - Shot Blocked by Alexander Semin.
16:05 of 3rd period - Snap shot by Eric Staal.
16:05 of 3rd period - Stopped by Brian Elliott without a rebound.
16:06 of 3rd period - Ryan Johansen wins face-off versus Colin Wilson in Kings zone.
16:27 of 3rd period - Paul Martin is hit by Colin Wilson and loses puck.
16:40 of 3rd period - Derek Meech is hit by Patrick Kane.
17:53 of 3rd period - Slapshot by Jordin Tootoo.
17:53 of 3rd period - Goal by Jordin Tootoo - Kings : 6 - Flames : 6.
17:54 of 3rd period - Maxim Lapierre wins face-off versus Patrik Berglund in neutral zone.
19:47 of 3rd period - Icing by Eric Staal.
19:48 of 3rd period - Ryan Johansen wins face-off versus Alexander Semin in Flames zone.
19:50 of 3rd period - Minor Penalty to Alec Martinez for Holding.
19:51 of 3rd period - Eric Staal wins face-off versus Greg Campbell in Kings zone.
19:51 of 3rd period - Slapshot by David Backes.
19:51 of 3rd period - Shot Blocked by Shea Weber.
19:53 of 3rd period - Wrist shot by Alexander Semin.
19:53 of 3rd period - Stopped by Brian Elliott without a rebound.
19:54 of 3rd period - Greg Campbell wins face-off versus Eric Staal in Kings zone.
Goals for this period are 3 for Kings vs 1 for Flames.
Shots for this period are 15 for Kings vs 9 for Flames.
Overtime #1
0:01 of 1st overtime period - Eric Staal wins face-off versus Anze Kopitar in neutral zone.
0:16 of 1st overtime period - Snap shot by Eric Staal.
0:16 of 1st overtime period - Shot Blocked by Shea Weber.
1:25 of 1st overtime period - Wrist shot by Brad Marchand.
1:25 of 1st overtime period - Shot Misses the Net.
1:45 of 1st overtime period - Slapshot by Travis Hamonic.
1:45 of 1st overtime period - Deflect By Maxim Lapierre.
1:45 of 1st overtime period - Stopped by Pekka Rinne with a rebound.
1:50 of 1st overtime period - Penalty to Alec Martinez is over, Alec Martinez is back on ice.
1:51 of 1st overtime period - Maxim Lapierre is hit by Patrik Berglund.
2:09 of 1st overtime period - Icing by Staffan Kronwall.
2:10 of 1st overtime period - Brad Marchand wins face-off versus Patrick Kane in Kings zone.
2:13 of 1st overtime period - Snap shot by Jordin Tootoo.
2:13 of 1st overtime period - Shot Misses the Net.
2:41 of 1st overtime period - Eric Staal is hit by Patrick Kane and loses puck.
3:11 of 1st overtime period - Erik Karlsson is hit by Eric Staal and loses puck.
3:23 of 1st overtime period - Derek Meech is hit by Ryan Johansen and loses puck.
3:40 of 1st overtime period - Steve Eminger is hit by Travis Hamonic and loses puck.
4:18 of 1st overtime period - Eric Staal is hit by David Booth and loses puck.
4:51 of 1st overtime period - Erik Johnson is hit by Ryan Johansen and loses puck.
Goals for this period are 0 for Kings vs 0 for Flames.
Shots for this period are 1 for Kings vs 0 for Flames.
ShootOut
5:00 of 1st overtime period - Round #1.
5:00 of 1st overtime period - Kings, Patrick Kane.
5:00 of 1st overtime period - Deke by Patrick Kane.
5:00 of 1st overtime period - Stopped by Pekka Rinne.
5:00 of 1st overtime period - Flames, Eric Staal.
5:00 of 1st overtime period - Snap shot by Eric Staal.
5:00 of 1st overtime period - Goal by Eric Staal.
5:00 of 1st overtime period - Round #2.
5:00 of 1st overtime period - Kings, Viktor Arvidsson.
5:00 of 1st overtime period - Deke by Viktor Arvidsson.
5:00 of 1st overtime period - Stopped by Pekka Rinne.
5:00 of 1st overtime period - Flames, Alexander Semin.
5:00 of 1st overtime period - Backhand shot by Alexander Semin.
5:00 of 1st overtime period - Stopped by Brian Elliott.
5:00 of 1st overtime period - Round #3.
5:00 of 1st overtime period - Kings, Anze Kopitar.
5:00 of 1st overtime period - Deke by Anze Kopitar.
5:00 of 1st overtime period - Stopped by Pekka Rinne.
Back to the Top